 Dungeon Crawl Stone Soup version 0.20.0-15-g7f486f2 (webtiles) character file.

10 robba the Ducker (level 2, -3/13 HPs)
             Began as a Spriggan Earth Elementalist on June 26, 2017.
             Slain by a hobgoblin (4 damage)
             ... on level 1 of the Dungeon.
             The game lasted 00:03:33 (460 turns).

robba the Ducker (Spriggan Earth Elementalist)       Turns: 460, Time: 00:03:34

Health: -3/13      AC:  2    Str:  3 (4)  XL:     2   Next: 10%
Magic:  2/6        EV: 18    Int: 15 (16) God:
Gold:   111        SH:  0    Dex: 15 (16) Spells: 5/6 levels left

rFire    + . .     SeeInvis +   f - +0 dagger (curse)
rCold    x . .     Gourm    .   (shield restricted)
rNeg     . . .     Faith    .   c - +0 robe
rPois    .         Spirit   .   (helmet restricted)
rElec    .         Reflect  .   (no cloak)
rCorr    .         Harm     .   (gloves unavailable)
MR       .....                  (boots unavailable)
Stlth    ++........             (no amulet)
Regen    0.1/turn               a - ring of fire
MPRegen  0.1/turn               (no ring)

@: very quick
A: unfitting armour, see invisible, herbivore 3, speed 3, slow metabolism 2
a: no special abilities


You were on level 1 of the Dungeon.
You were not hungry.

You visited 1 branch of the dungeon, and saw 1 of its levels.

You collected 111 gold pieces.

Inventory:

Hand Weapons
 f - a cursed +0 dagger (weapon)
Missiles
 b - 15 stones (quivered)
 g - 17 arrows
Armour
 c - a +0 robe (worn)
Jewellery
 a - a ring of fire (left hand)
Potions
 h - a potion of curing
Books
 e - a book of Geomancy

   Spells                             Type                      Level
   a - Sandblast                      Earth                        1
   b - Passwall                       Transmutation/Earth          2
   c - Stone Arrow                    Conjuration/Earth            3
   d - Petrify                        Transmutation/Earth          4
   e - Lee's Rapid Deconstruction     Earth                        5
Comestibles
 d - a bread ration


   Skills:
 + Level 3.3 Dodging
 + Level 3.3 Stealth
 + Level 2.7 Spellcasting
   Level 1.3 Transmutations
 + Level 3.0 Earth Magic


You had 5 spell levels left.
You knew the following spells:

 Your Spells              Type           Power        Failure   Level  Hunger
a - Sandblast             Erth           ##....       6%          1    #......


Dungeon Overview and Level Annotations

Branches:
Dungeon (1/15)

Altars:


Innate Abilities, Weirdness & Mutations

You are very small and have problems with some larger weapons.
You are too small for most types of armour.
You have supernaturally acute eyesight. (SInv)
You are a herbivore.
You cover ground extremely quickly.
You need consume almost no food.


Message History

You barely miss the kobold. The kobold closely misses you.
The hobgoblin closely misses you.
You hit the kobold but do no damage. The kobold misses you.
The hobgoblin barely misses you.
You completely miss the kobold. The kobold hits you with a whip.
* * * LOW HITPOINT WARNING * * *
The hobgoblin barely misses you.
You hit the kobold.
The kobold is heavily wounded.
The kobold barely misses you. The hobgoblin misses you.
You hit the kobold but do no damage.
The kobold is heavily wounded.
The kobold hits you but does no damage. The hobgoblin completely misses you.
Your magical contamination has completely faded away.
You hit the kobold but do no damage.
The kobold is heavily wounded.
The kobold hits you with a whip.
* * * LOW HITPOINT WARNING * * *
The hobgoblin hits you.
You die...

. . ##########.
#...).#...#
#.##############.....#...#
#>.....Kg@K....'.....'...#
#.##############..†..#...#
#.....#...# #.....#...#
#.....#...# #.....###..
#.....# ##. ####### #.
######


You could see a hobgoblin and 2 kobolds.

Vanquished Creatures
  2 giant cockroaches (D:1)
  2 goblins (D:1)
  2 hobgoblins (D:1)
  2 bats (D:1)
  A rat (D:1)
9 creatures vanquished.

Vanquished Creatures (others)
  7 toadstools (D:1)
7 creatures vanquished.

Grand Total: 16 creatures vanquished

Notes
Turn   | Place    | Note
-------+----------+-------------------------------------------
     0 | D:1      | robba the Spriggan Earth Elementalist began the quest for the Orb.
     0 | D:1      | Reached XP level 1. HP: 9/9 MP: 5/5
   423 | D:1      | Reached XP level 2. HP: 13/13 MP: 4/6
   460 | D:1      | Slain by a hobgoblin

Skill      XL: |  1 |
---------------+----+-----
Earth Magic    | 3 |  3.0
Dodging        | |  3.3
Stealth        | |  3.3
Spellcasting   | |  2.7
Transmutations | |  1.3

Action                   || total
-------------------------++-------
Melee: Dagger            ||    12
 Cast: Sandblast         ||    15
  Use: Potion            ||     4
 Stab: Sleeping          ||     1
Armor: Robe              ||     3
Dodge: Dodged            ||    16
